 Dungeon Crawl Stone Soup version 0.28-a0-413-gde365fb1df (webtiles) character file.

Game seed: 3380218279640583822

259 Sweetruy1997 the Chopper (level 5, -9/46 HPs)
             Began as a Minotaur Berserker on Sept 8, 2021.
             Was a Believer of Trog.
             Mangled by a gnoll (11 damage)
             ... on level 2 of the Dungeon.
             The game lasted 00:02:43 (1281 turns).

Sweetruy1997 the Chopper (Minotaur Berserker)       Turns: 1281, Time: 00:02:43

Health: -9/46      AC:  5    Str: 22    XL:     5   Next: 94%
Magic:  4/4        EV: 11    Int:  4    God:    Trog [**....]
Gold:   61         SH:  0    Dex: 10    Spells: 4/4 levels left

rFire   . . .      SeeInvis .   a - +0 hand axe
rCold   . . .      Faith    .   (no shield)
rNeg    . . .      Spirit   .   f - +0 ring mail
rPois   .          Reflect  .   (helmet restricted)
rElec   .          Harm     .   (no cloak)
rCorr   .          Rampage  .   (no gloves)
Will    ++...                   (no boots)
Stlth   +.........              (no amulet)
HPRegen 1.15/turn               (no ring)
MPRegen 0.09/turn               (no ring)

@: strong-willed, regenerating
A: horns 2, retaliatory headbutt
a: Renounce Religion, Berserk, Trog's Hand


You were on level 2 of the Dungeon.
You worshipped Trog.
Trog was pleased with you.
You visited 1 branch of the dungeon, and saw 2 of its levels.

You collected 61 gold pieces.

Inventory:

Hand Weapons
 a - a +0 hand axe (weapon)
Armour
 f - a +0 ring mail (worn)
Scrolls
 b - 3 scrolls of identify {unknown}
 d - a scroll of blinking {unknown}
 g - a scroll of fog {unknown}
Potions
 c - a potion of mutation {unknown}
 e - a potion of flight {unknown}
 h - a potion of curing {unknown}
 i - a potion of magic {unknown}


   Skills:
 - Level 4.0 Fighting
 + Level 6.6 Axes
 + Level 3.5 Armour
 + Level 3.5 Dodging
 + Level 0.3 Stealth


You had 4 spell levels left.
You didn't know any spells.
Your spell library was empty.

Dungeon Overview and Level Annotations

Branches:
Dungeon (2/15)

Altars:


Innate Abilities, Weirdness & Mutations

You have a pair of horns on your head.
You reflexively headbutt those who attack you in melee.


Message History

You closely miss the ball python.
The ball python bites you but does no damage.
The ball python constricts you.
The ball python bites you but does no damage.
The ball python constricts you.
You slash the ball python!
You kill the ball python!
Trog accepts your kill.
No target in view!
Found a plate armour.
Found a dagger.
You see here a +0 plate armour.
A gnoll comes into view. It is wielding a +0 flail.
The gnoll shouts!
You hear a shout!
A gnoll comes into view. It is wielding a +0 flail.
The gnoll shouts!
A gnoll comes into view. It is wielding a +0 halberd.
A gnoll comes into view. It is wielding a +0 flail.
You barely miss the gnoll. You hit the gnoll but do no damage.
The gnoll closely misses you. The gnoll hits you with a +0 flail.
You slash the gnoll!
The gnoll is heavily wounded.
You hit the gnoll. x2; The gnoll barely misses you.
The gnoll hits you with a +0 flail. x2
You hit the gnoll.
The gnoll is severely wounded.
You hit the gnoll. You closely miss the gnoll.
The gnoll hits you from afar with a +0 halberd.
The gnoll hits you with a +0 flail! x2
* * * LOW HITPOINT WARNING * * *
The gnoll completely misses you. You furiously retaliate!
You headbutt the gnoll!
You kill the gnoll!
Trog accepts your kill.
Your skin crawls.
You feel strong-willed.
The gnoll hits you from afar with a +0 halberd!
* * * LOW HITPOINT WARNING * * *
The gnoll hits you but does no damage. The gnoll hits you with a +0 flail!
You die...

(###....## #...
........# #..
##≈#......### ##..
#≈≈##≈......# # ...
≈≈≈#≈≈#..#....
#...##≈#≈≈≈≈#†..###.
##.#g#≈≈≈≈≈≈#≈≈..# #.
#..)gg≈≈≈≈≈≈≈≈#..# ##
#..#@## #≈#≈≈##..####
#.....# ≈≈≈≈≈#......[
###...##≈≈≈#≈#..#####
#.....####....#
#..)...[......#
#............##
##############


You could see 3 gnolls.

Vanquished Creatures
  Sigmund (D:2)
  Natasha (twice) (D:2)
  A gnoll (D:2)
  An adder (D:2)
  A worm (D:2)
  A bat (D:1)
  An endoplasm (D:1)
  A giant cockroach (D:2)
  5 goblins
  4 hobgoblins (D:1)
  4 jackals (D:1)
  A quokka (D:2)
  5 ball pythons
  A frilled lizard (D:1)
  A kobold (D:1)
  3 rats (D:1)
33 creatures vanquished.

Notes
Turn   | Place    | Note
-------+----------+-------------------------------------------
     0 | D:1      | Sweetruy1997 the Minotaur Berserker began the quest for the
                  | Orb.
     0 | D:1      | Reached XP level 1. HP: 19/19 MP: 0/0
    84 | D:1      | Reached skill level 4 in Axes
    90 | D:1      | Reached XP level 2. HP: 18/27 MP: 1/1
   603 | D:1      | Found a faded altar of an unknown god.
   931 | D:2      | Reached XP level 3. HP: 28/33 MP: 2/2
  1007 | D:2      | Reached ** piety under Trog
  1009 | D:2      | Noticed Sigmund
  1010 | D:2      | Noticed Natasha
  1019 | D:2      | Killed Natasha
  1020 | D:2      | Killed Sigmund
  1021 | D:2      | Reached skill level 6 in Axes
  1021 | D:2      | Reached XP level 4. HP: 33/40 MP: 3/3
  1021 | D:2      | Reached XP level 5. HP: 38/46 MP: 4/4
  1171 | D:2      | Noticed Natasha
  1177 | D:2      | Killed Natasha
  1281 | D:2      | HP: 2/46 [gnoll (9)]
  1281 | D:2      | Mangled by a gnoll

Illustrated notes

Levels and vault maps discovered:
D:1:      eino_arrival_water_cross, layout_basic,
          shapermc_ecumenical_altar_notcrosses
D:2:      layout_rooms, serial_park_tiny_1, st_stairs_7, minivault_4,
          uniq_sigmund, uniq_robin, uniq_natasha, uniq_jessica

Skill      XL: |  1  2  3 |
---------------+----------+-----
Axes           | 4 6 |  6.6
Fighting       | 4 |  4.0
Armour         | 3 |  3.5
Dodging        | 3 |  3.5
Stealth        | |  0.3

Action                   |  1- 3 |  4- 6 || total
-------------------------+-------+-------++-------
Melee: Hand axe          |    59 |    10 ||    69
       Headbutt          |     7 |     2 ||     9
Invok: Berserk           |     1 |       ||     1
       Trog's Hand       |       |     1 ||     1
Armor: Animal skin       |     3 |       ||     3
       Ring mail         |    11 |     4 ||    15
Dodge: Dodged            |    30 |     8 ||    38

Table legend: (Time is in decaauts)
 A = Elapsed time spent in this place.
 B = Non-inter-level travel time spent in this place.
 C = Inter-level travel time spent in this place.
 D = Time resting spent in this place.
 E = Time spent auto-exploring this place.
 F = Levels seen in this place.
 G = Mean time per level.
                   A        B        C        D        E       F      G
               +--------+--------+--------+--------+--------+-----+--------+
         Total |   1296 |   1261 |     35 |    208 |    884 |   2 |  648.0 |
       Dungeon |   1296 |   1261 |     35 |    208 |    884 |   2 |  648.0 |
               +--------+--------+--------+--------+--------+-----+--------+

Top non-repeatable levels by time:
     D:1: 913 daAuts
     D:2: 383 daAuts
